 Dungeon Crawl Stone Soup version 0.28.0-43-g3370ac3207 (webtiles) character file.

Game seed: 4966899534974821614

38 experimilk the Ducker (level 3, 0/35 HPs)
             Began as a Gnoll Monk on Mar 11, 2022.
             Killed by nerve-wracking pain
             ... invoked by Jessica
              (10 damage)
             ... on level 2 of the Dungeon.
             The game lasted 00:04:38 (2138 turns).

experimilk the Ducker (Gnoll Monk)                  Turns: 2138, Time: 00:04:38

Health: 0/35       AC:  2    Str: 12    XL:     3   Next: 43%
Magic:  4/4        EV: 15    Int:  9    God:
Gold:   98         SH:  0    Dex: 14    Spells: 2/3 levels left

rFire   . . .      SeeInvis .   a - +0 spear
rCold   . . .      Faith    .   (no shield)
rNeg    . . .      Spirit   .   b - +0 robe
rPois   .          Reflect  .   (no helmet)
rElec   .          Harm     .   (no cloak)
rCorr   .          Rampage  .   (no gloves)
Will    .....                   (no boots)
Stlth   +++.......              (no amulet)
HPRegen 0.11/turn               (no ring)
MPRegen 0.09/turn               (no ring)

@: slowed, very slow
A: fangs 1, strong nose, distributed training
a: no special abilities


You were on level 2 of the Dungeon.
You visited 1 branch of the dungeon, and saw 2 of its levels.

You collected 98 gold pieces.

Inventory:

Hand Weapons
 a - a +0 spear (weapon)
Missiles
 h - 36 arrows
Armour
 b - a +0 robe (worn)
Jewellery
 j - a ring of positive energy
Scrolls
 g - a scroll of torment {unknown}
 k - 2 scrolls of enchant weapon {unknown}
 l - a scroll of teleportation {unknown}
 n - a scroll of amnesia {unknown}
Potions
 c - a potion of might
 d - a potion of heal wounds {unknown}
 e - a potion of curing {unknown}
 f - a potion of brilliance {unknown}
 i - a potion of mutation {unknown}
 m - a potion of resistance {unknown}


   Skills:
 + Level 6.5 Fighting
 + Level 0.8 Short Blades
 + Level 0.8 Long Blades
 + Level 0.8 Axes
 + Level 0.8 Maces & Flails
 + Level 6.5 Polearms
 + Level 0.8 Staves
 + Level 0.8 Slings
 + Level 0.8 Bows
 + Level 0.8 Crossbows
 + Level 0.8 Throwing
 + Level 0.8 Armour
 + Level 6.5 Dodging
 + Level 4.1 Stealth
 + Level 0.8 Shields
 + Level 0.8 Unarmed Combat
 + Level 0.8 Spellcasting
 + Level 0.5 Conjurations
 + Level 0.5 Hexes
 + Level 0.5 Summonings
 + Level 0.5 Necromancy
 + Level 0.5 Translocations
 + Level 0.5 Transmutations
 + Level 0.5 Fire Magic
 + Level 0.5 Ice Magic
 + Level 0.5 Air Magic
 + Level 0.5 Earth Magic
 + Level 0.5 Poison Magic
 + Level 1.0 Invocations
 + Level 0.8 Evocations


You had 2 spell levels left.
You knew the following spells:

 Your Spells              Type           Power      Damage    Failure   Level
a - Beastly Appendage     Tmut           2%         N/A       30%         1

Your spell library contained the following spells:

 Spells                   Type           Power      Damage    Failure   Level
 Wereblood                Tmut           1%         N/A       41%         2
 Ignite Poison            Fire/Tmut/Pois 1%         N/A       65%         3
 Mephitic Cloud           Conj/Pois/Air  1%         N/A       65%         3
 Spider Form              Tmut/Pois      1%         N/A       65%         3
 Freezing Cloud           Conj/Ice/Air   0%         6-21      100%        5


Dungeon Overview and Level Annotations

Branches:
Dungeon (2/15)

Altars:

Shops:
D:1 =

Annotations:
D:2 Jessica


Innate Abilities, Weirdness & Mutations

You have very sharp teeth.
Your uncanny sense of smell can sniff out nearby items.
Your experience applies equally to all skills.


Message History

Aim: Jessica, wielding a +0 dagger and wearing a +0 robe (asleep, about 2% to evade your +0 spear)
You reach to attack!
The helpless Jessica fails to defend herself.
You hit Jessica.
Jessica is moderately wounded.
Jessica completely misses you.
You barely miss Jessica.
Jessica is moderately wounded.
Jessica hits you with a +0 dagger.
You closely miss Jessica.
Jessica is moderately wounded.
Jessica closely misses you.
You hit Jessica but do no damage. You bite Jessica, but do no damage.
Jessica is moderately wounded.
Jessica misses you.
You closely miss Jessica.
Jessica is moderately wounded.
Jessica points at you and mumbles some strange words.
Pain shoots through your body!
You closely miss Jessica.
Jessica is moderately wounded.
You hit Jessica but do no damage.
Jessica is moderately wounded.
Jessica barely misses you.
You hit Jessica.
Jessica is almost dead.
Jessica mumbles some strange words.
Jessica blinks!
Jessica casts a spell at you.
You feel yourself slow down.
You closely miss Jessica.
Jessica is almost dead.
Jessica casts a spell at you. Pain shoots through your body!
* * * LOW HITPOINT WARNING * * *
Jessica casts a spell.
Jessica blinks!
Jessica gestures at you while chanting. Pain shoots through your body!
You die...

#.##.... #.##....
#.##.... #.##....
#.##.... #####
#....... #...##
#....... +...@#
+.....## #..@.#
#.....## #....#
#.....## #.ยง..#
#######
#....###########
#..............#
#...##########.#####
#...# #.....# #...#
#####.# ##### #.#


You could see Jessica.

Vanquished Creatures
  A worm (D:2)
  A dart slug (D:1)
  2 ball pythons
  2 bats (D:1)
  2 endoplasms (D:2)
  2 giant cockroaches
  5 goblins (D:1)
  2 hobgoblins
  3 quokkas
  3 frilled lizards (D:1)
  5 kobolds
  A rat (D:1)
29 creatures vanquished.

Notes
Turn   | Place    | Note
-------+----------+-------------------------------------------
     0 | D:1      | experimilk the Gnoll Monk began the quest for the Orb.
     0 | D:1      | Reached XP level 1. HP: 23/23 MP: 1/1
    89 | D:1      | Reached XP level 2. HP: 26/29 MP: 2/2
   181 | D:1      | Found a faded altar of an unknown god.
   610 | D:1      | Found Wiosass's Jewellery Emporium.
  1267 | D:1      | Reached XP level 3. HP: 35/35 MP: 3/3
  1519 | D:2      | Learned a level 1 spell: Beastly Appendage
  2055 | D:2      | Reached skill level 1 in Invocations
  2120 | D:2      | Noticed Jessica
  2138 | D:2      | Killed from afar by Jessica

Illustrated notes

Levels and vault maps discovered:
D:1:      dpeg_arrival_tiny_b, layout_basic, serial_shops,
          nicolae_shop_window_shopping, ebering_ecumenical_altar_sacrificial
D:2:      layout_basic, uniq_jessica

Skill      XL: |  1  2  3 |
---------------+----------+-----
Invocations    | 1 |  1.0
Fighting       | |  6.5
Short Blades   | |  0.8
Long Blades    | |  0.8
Axes           | |  0.8
Maces & Flails | |  0.8
Polearms       | |  6.5
Staves         | |  0.8
Slings         | |  0.8
Bows           | |  0.8
Crossbows      | |  0.8
Throwing       | |  0.8
Armour         | |  0.8
Dodging        | |  6.5
Stealth        | |  4.1
Shields        | |  0.8
Unarmed Combat | |  0.8
Spellcasting   | |  0.8
Conjurations   | |  0.5
Hexes          | |  0.5
Summonings     | |  0.5
Necromancy     | |  0.5
Translocations | |  0.5
Transmutations | |  0.5
Fire Magic     | |  0.5
Ice Magic      | |  0.5
Air Magic      | |  0.5
Earth Magic    | |  0.5
Poison Magic   | |  0.5
Evocations     | |  0.8

Action                   || total
-------------------------++-------
Melee: Spear             ||   106
       Bite              ||    15
  Use: Scroll            ||     1
 Stab: Sleeping          ||    11
Armor: Robe              ||    10
Dodge: Dodged            ||    44
